 Dungeon Crawl Stone Soup version 0.29-a0-414-g5075937ec3 (webtiles) character file.

Game seed: 12451145660666541292

137 Bruhh the Shield-Bearer (level 5, -5/32 HPs)
             Began as a Gargoyle Fighter on May 15, 2022.
             Was an Initiate of Qazlal.
             Killed by divine providence
             ... invoked by an orc priest
              (12 damage)
             ... on level 4 of the Dungeon.
             The game lasted 00:03:23 (2898 turns).

Bruhh the Shield-Bearer (Gargoyle Fighter)          Turns: 2898, Time: 00:03:23

Health: -5/32      AC: 19    Str: 21    XL:     5   Next: 20%
Magic:  5/5        EV:  6    Int:  9    God:    Qazlal [......]
Gold:   147        SH:  4    Dex:  9    Spells: 4/4 levels left

rFire   . . .      SeeInvis +   a - +0 war axe
rCold   . . .      Faith    .   c - +0 buckler
rNeg    + . .      Spirit   .   q - +0 plate armour
rPois   ∞          Reflect  .   u - +2 helmet {SInv}
rElec   +          Harm     .   (no cloak)
rCorr   .          Rampage  .   (no gloves)
Will    .....                   (no boots)
Stlth   ..........              (no amulet)
HPRegen 0.10/turn               (no ring)
MPRegen 0.09/turn               (no ring)

@: no status effects
A: sickness immunity, AC +4, negative energy resistance 1, electricity
resistance, torment resistance 1, petrification resistance
a: Renounce Religion


You were on level 4 of the Dungeon.
You worshipped Qazlal.
Qazlal was noncommittal.
You visited 1 branch of the dungeon, and saw 4 of its levels.

You collected 147 gold pieces.

Inventory:

Hand Weapons
 a - a +0 war axe (weapon)
Missiles
 x - 10 poisoned darts (quivered)
Armour
 b - a +0 scale mail
 c - a +0 buckler (worn)
 q - a +0 plate armour (worn)
 u - a +2 helmet of see invisible (worn)
Wands
 v - a wand of flame (5)
Scrolls
 e - a scroll of enchant armour {unknown}
 f - a scroll of enchant weapon {unknown}
 g - a scroll of brand weapon {unknown}
 j - 2 scrolls of identify {unknown}
 m - 2 scrolls of blinking {unknown}
 n - a scroll of vulnerability {unknown}
 o - 2 scrolls of fear {unknown}
 p - a scroll of noise {unknown}
 r - a scroll of poison {unknown}
 s - 2 scrolls of immolation {unknown}
 t - a scroll of magic mapping {unknown}
Potions
 d - a potion of might
 h - 2 potions of mutation {unknown}
 i - a potion of degeneration {unknown}
 k - a potion of flight {unknown}
 l - a potion of curing {unknown}
 w - a potion of berserk rage {unknown}


   Skills:
 - Level 3.2 Fighting
 - Level 1.7 Axes
 + Level 5.0 Armour
 + Level 5.0 Shields


You had 4 spell levels left.
You didn't know any spells.
Your spell library contained the following spells:

 Spells                   Type           Power      Damage    Failure   Level
 Portal Projectile        Hex/Tloc       0%         N/A       100%        3
 Blade Hands              Tmut           0%         N/A       100%        5
 Excruciating Wounds      Necr           0%         N/A       100%        5


Dungeon Overview and Level Annotations

Branches:
Dungeon (4/15)
 Temple: D:4-7

Altars:
Fedhas
Kikubaaqudgha
Qazlal
Sif Muna
Trog
The Shining One

Shops:
D:1 (

Annotations:
D:3 1 runed translucent door, Regoshi's ghost, weakling DsFi


Innate Abilities, Weirdness & Mutations

You are immune to sickness and miasma.
Your stone body is resilient. (AC +4)
You are immune to poison.
You resist negative energy. (rN+)
You are resistant to electric shocks. (rElec)
You are resistant to unholy torment.
You are immune to petrification.


Message History

You kill the orc!
Qazlal accepts your kill.
You barely miss the orc priest.
The orc priest invokes the aid of Beogh against you.
Pain shoots through your body!
The orc priest hits you but does no damage.
You hit the orc priest but do no damage.
The orc priest is lightly wounded.
The orc priest hits you but does no damage.
You completely miss the orc priest.
The orc priest is lightly wounded.
The orc priest hits you but does no damage.
The orc priest looks satisfied for a moment.
You hit the orc priest but do no damage.
The orc priest is lightly wounded.
The orc priest hits you with a +0 short sword.
You closely miss the orc priest.
The orc priest is lightly wounded.
The orc priest hits you but does no damage. x2
You hit the orc priest.
The orc priest is moderately wounded.
The orc priest hits you with a +0 short sword.
You barely miss the orc priest.
The orc priest is moderately wounded.
The orc priest invokes the aid of Beogh against you.
Pain shoots through your body!
* * * LOW HITPOINT WARNING * * *
The orc priest barely misses you.
You closely miss the orc priest.
The orc priest is moderately wounded.
The orc priest hits you with a +0 short sword.
* * * LOW HITPOINT WARNING * * *
You hit the orc priest.
The orc priest is heavily wounded.
The orc priest hits you but does no damage.
You closely miss the orc priest.
The orc priest is heavily wounded.
The orc priest mumbles some strange prayers to Beogh against you.
Beogh smites you!
You die...

#. ..≈ ..... #..
#.. #..$.. #... ..
#......
#..##.##......
#...#.#.....
#.........# #
##...o)..## .
#....)@...## .# #
#...#.#....###.##.#
#. #.##..........+
.. #.......# #..
##......# ..≈
#..##### #.≈§ #..#
#.≈≈ #..# #..#


You could see an orc priest.

Vanquished Creatures
  Ijyb (D:3)
  3 adders
  A dart slug (D:1)
  A worm (D:3)
  3 orcs
  5 bats
  9 endoplasms
  7 giant cockroaches
  11 goblins
  4 hobgoblins
  4 jackals (D:1)
  4 kobolds
  2 quokkas
  4 ball pythons
  4 frilled lizards
  7 rats
70 creatures vanquished.

Notes
Turn   | Place    | Note
-------+----------+-------------------------------------------
     0 | D:1      | Bruhh the Gargoyle Fighter began the quest for the Orb.
     0 | D:1      | Reached XP level 1. HP: 14/14 MP: 1/1
   124 | D:1      | Reached XP level 2. HP: 5/19 MP: 2/2
   690 | D:1      | Found Jannios's Weapon Boutique.
   801 | D:1      | Reached XP level 3. HP: 19/23 MP: 3/3
  1891 | D:2      | Reached XP level 4. HP: 28/28 MP: 4/4
  2145 | D:3      | Noticed Ijyb
  2160 | D:3      | Killed Ijyb
  2278 | D:3      | Found a runed translucent door.
  2461 | D:3      | Found a stormy altar of Qazlal.
  2473 | D:3      | Reached XP level 5. HP: 32/32 MP: 5/5
  2506 | D:3      | Found a blossoming altar of Fedhas.
  2514 | D:3      | Found an ancient bone altar of Kikubaaqudgha.
  2514 | D:3      | Found a shimmering blue altar of Sif Muna.
  2519 | D:3      | Found a glowing golden altar of the Shining One.
  2521 | D:3      | Found a bloodstained altar of Trog.
  2603 | D:3      | Found a faded altar of an unknown god.
  2603 | D:3      | Noticed a golden eye
  2607 | D:3      | Noticed a golden eye
  2607 | D:3      | Noticed an eye of devastation
  2607 | D:3      | Noticed a great orb of eyes
  2614 | D:3      | Reached skill level 5 in Armour
  2614 | D:3      | Reached skill level 5 in Shields
  2638 | D:3      | Became a worshipper of Qazlal Stormbringer
  2807 | D:3      | Noticed Regoshi's ghost (weakling DsFi)
  2898 | D:4      | Killed from afar by an orc priest

Illustrated notes

Levels and vault maps discovered:
D:1:      dpeg_chamrin_arrival_tetris, layout_basic, serial_shops, shop,
          minmay_pentomino_t4
D:2:      layout_basic
D:3:      layout_rooms, mainiacjoe_overflow_paths, minitemple,
          hellmonk_ecumenical_altar_watching_god, ebering_ghost_reflecting_pool,
          uniq_ijyb
D:4:      layout_basic, minmay_fire_ice_demons, uniq_robin

Skill      XL: |  1  2  3  4  5 |
---------------+----------------+-----
Armour         | 4 5 |  5.0
Shields        | 4 5 |  5.0
Fighting       | |  3.2
Axes           | |  1.7

Action                   |  1- 3 |  4- 6 || total
-------------------------+-------+-------++-------
Melee: War axe           |   118 |    99 ||   217
  Use: Potion            |     1 |       ||     1
Armor: Scale mail        |    61 |       ||    61
       Plate armour      |    25 |    80 ||   105
Dodge: Dodged            |    67 |    24 ||    91
Block: Buckler           |    29 |    28 ||    57

Table legend: (Time is in decaauts)
 A = Elapsed time spent in this place.
 B = Non-inter-level travel time spent in this place.
 C = Inter-level travel time spent in this place.
 D = Time resting spent in this place.
 E = Time spent auto-exploring this place.
 F = Levels seen in this place.
 G = Mean time per level.
                   A        B        C        D        E       F      G
               +--------+--------+--------+--------+--------+-----+--------+
         Total |   2983 |   2835 |    148 |      0 |   2259 |   4 |  745.8 |
       Dungeon |   2983 |   2835 |    148 |      0 |   2259 |   4 |  745.8 |
               +--------+--------+--------+--------+--------+-----+--------+

Top non-repeatable levels by time:
     D:1: 1373 daAuts
     D:2: 813 daAuts
     D:3: 733 daAuts
     D:4: 62 daAuts
